 Dungeon Crawl Stone Soup version 0.31.0-11-ge490571c62 (webtiles) character file.

Game seed: 3245368165415412312

10 browni3141 the Shooter (level 2, 22/22 HPs)
             Began as a Demonspawn Hunter on Jan 31, 2024.
             Got out of the dungeon alive.
             The game lasted 00:00:07 (160 turns).

browni3141 the Shooter (Demonspawn Hunter)           Turns: 160, Time: 00:00:07

Health: 22/22      AC:  3    Str: 11    XL:     2   Next: 10%
Magic:  2/2        EV: 12    Int:  9    God:
Gold:   0          SH:  0    Dex: 16    Spells: 1/1 levels left

rFire   . . .        a - +0 shortbow
rCold   . . .        (shield currently unavailable)
rNeg    . . .        c - +0 leather armour
rPois   .            (no helmet)
rElec   .            (no cloak)
rCorr   .            (no gloves)
SInv    .            (no boots)
Will    .....        (no amulet)
Stlth   ++           (no ring)
HPRegen 0.23/turn    (no ring)
MPRegen 0.08/turn

%: no passive effects
@: no status effects
A: spiny 1
a: no special abilities


You escaped.
You visited 1 branch of the dungeon, and saw 1 of its levels.

Inventory:

Hand Weapons
 a - a +0 shortbow (weapon)
Armour
 c - a +0 leather armour (worn)
Scrolls
 b - a scroll of butterflies
 e - a scroll of enchant armour {unknown}
Potions
 d - 2 potions of enlightenment {unknown}


   Skills:
 + Level 2.2 Fighting
 + Level 3.7 Ranged Weapons
 + Level 2.0 Dodging
 + Level 1.2 Stealth


You had one spell level left.
You didn't know any spells.
Your spell library was empty.

Dungeon Overview and Level Annotations

Branches:
Dungeon (1/15)

Altars:


Innate Abilities, Weirdness & Mutations

You are partially covered in sharp spines.


Message History

Welcome, browni3141 the Demonspawn Hunter.
They say the Orb of Zot lies within this dungeon, but they say a lot of things.
Press ? for a list of commands and other information.
Found a staircase leading out of the dungeon.
No target in view!
A rat comes into view.
A rat is nearby!
You shoot an arrow. The arrow hits the rat.
The rat is moderately wounded.
A rat is nearby!
You shoot an arrow. The arrow hits the rat!
You kill the rat!
A bat comes into view.
You shoot an arrow. The arrow hits the bat.
You kill the bat!
Your Stealth skill increases to level 1!
A rat comes into view.
You shoot an arrow. The arrow hits the rat.
You kill the rat!
d - a bubbling clear potion No target in view!
d - 2 bubbling clear potions (gained 1)
Found an escape hatch in the floor.
No target in view!
e - a scroll labelled LAMEK QUKHLE No target in view!
A hobgoblin comes into view.
You shoot an arrow. The arrow hits the hobgoblin.
The hobgoblin is lightly wounded.
A hobgoblin is nearby!
You shoot an arrow. The arrow hits the hobgoblin.
The hobgoblin is heavily wounded.
A hobgoblin is nearby!
You shoot an arrow. The arrow hits the hobgoblin.
You kill the hobgoblin!
A giant cockroach comes into view.
You shoot an arrow. The arrow hits the giant cockroach!
You kill the giant cockroach! 2 jackals come into view.
You shoot an arrow. The arrow hits the jackal.
You kill the jackal!
A jackal is nearby!
You shoot an arrow. The arrow hits the jackal.
The jackal barks!
The jackal is moderately wounded.
A jackal comes into view.
There are monsters nearby!
You shoot an arrow. The arrow closely misses the jackal.
There are monsters nearby!
You shoot an arrow. The arrow closely misses the jackal.
The arrow hits the jackal.
The jackal is heavily wounded.
There are monsters nearby!
You shoot an arrow. The arrow hits the jackal.
You kill the jackal!
Your Dodging skill increases to level 2!
You have reached level 2!
Your demonic ancestry asserts itself...
Sharp spines emerge from parts of your body.
You shoot an arrow. The arrow hits the jackal.
You kill the jackal!
No target in view!
No target in view!
No target in view!
You can't go up here!
A ball python comes into view.
You can't go up here!
A ball python is nearby!
You shoot an arrow. The arrow hits the ball python.
You kill the ball python!
No target in view!
No target in view!
There is a staircase leading out of the dungeon here.
You have escaped!

(..#.............####............
#...............### ###..........
..................### #..........
................#...# #..........
.##.##..........###.###..........
....###..####...# ##.##..........
....####.......##♣♣#♣.#..........
.....###......##♣..♣.♣#...†......
###.......###.#♣@...♣##..........
##..†...##..##♣♣#♣.##..........
##......#.### ##.##....######
##.#.......####.###....#
#.#..#..#.............#
#.......####..........##
#....##...####.(.........#
#†.#..##..................# ..
#.###....................#


There were no monsters in sight!

Vanquished Creatures
  A bat (D:1)
  A giant cockroach (D:1)
  A hobgoblin (D:1)
  3 jackals (D:1)
  A ball python (D:1)
  2 rats (D:1)
9 creatures vanquished.

Notes
Turn   | Place    | Note
-------+----------+-------------------------------------------
     0 | D:1      | browni3141 the Demonspawn Hunter began the quest for the
                  | Orb.
     0 | D:1      | Reached XP level 1. HP: 16/16 MP: 1/1
    28 | D:1      | Reached skill level 1 in Stealth
   128 | D:1      | Gained mutation: You are partially covered in sharp spines.
                  | [demonic ancestry]
   128 | D:1      | Reached XP level 2. HP: 22/22 MP: 2/2
   160 | D:$      | Got out of the dungeon alive.

Illustrated notes

Levels and vault maps discovered:
D:1:      pf_arrival_petrified_forest, layout_rooms

Skill      XL: |  1 |
---------------+----+-----
Stealth        | 1 |  1.2
Dodging        | 2 |  2.0
Fighting       | |  2.2
Ranged Weapons | |  3.7

Action                     || total
---------------------------++-------
   Fire: Shortbow          ||    15
